 Dungeon Crawl Stone Soup version 0.18.1-48-g4cf74bf (console) character file.

65976 Kloppie the Tortoise (level 14, -6/140 HPs)
             Began as a Minotaur Gladiator on July 3, 2016.
             Was a High Priest of Ashenzari.
             Shot with an arrow by Vashnia (11 damage)
             ... on level 2 of the Snake Pit.
             The game lasted 00:38:22 (18329 turns).

Kloppie the Tortoise (Minotaur Gladiator)          Turns: 18329, Time: 00:38:22

Health: -6/140     AC: 21    Str: 25    XL:     14   Next: 77%
Magic:  13/13      EV: 10    Int:  9    God:    Ashenzari [*****.]
Gold:   1463       SH:  6    Dex: 16    Spells: 0 memorised, 13 levels left

rFire  + + .     SeeInvis +     a - +6 morningstar {drain, MR+ SInv} (curse)
rCold  . . .     Gourm    .     s - +2 chain mail {rF+}
rNeg   . . .     Faith    .     m - +0 buckler {AC+3} (curse)
rPois  +         Spirit   .     c - +1 hat
rElec  +         Dismiss  .     K - +0 cloak
rCorr  +         Reflect  .     B - +3 pair of gloves of Ennui {rElec Str+5 Int+4} (curse)
SustAt .         Harm     .     t - +1 pair of boots
MR     ++...     Clarity  +     v - amulet of regeneration (curse)
Stlth  ..........               e - ring "Sekutt" {*Corrode rElec rPois Slay+2}
                                D - ring of resist corrosion

@: lethally poisoned (-6 -> -9), corroded, very resistant to hostile
enchantments, extremely unstealthy
A: retaliatory headbutt, horns 2, talons 1, fire resistance 1, mutation
resistance 1
a: Curse Item, Scrying, Transfer Knowledge, Renounce Religion


You were on level 2 of the Snake Pit.
You worshipped Ashenzari.
Ashenzari was extremely pleased with you.
You were not hungry.

You visited 5 branches of the dungeon, and saw 24 of its levels.
You also visited: Volcano.

You collected 2258 gold pieces.
You spent 795 gold pieces at shops.

Inventory:

Hand Weapons
 a - the cursed +6 morningstar of Zinodeutt (weapon) {drain, MR+ SInv}
   (You acquired it on level 4 of the Lair of Beasts)

   A truly terrible weapon, it drains the life of those it strikes.
   It affects your resistance to hostile enchantments.
   It lets you see invisible.
   It has a curse placed upon it.
 G - a +0 flail of holy wrath
 P - a +2 flail of freezing
Missiles
 H - a throwing net (quivered)
Armour
 c - a +1 hat (worn)
 m - a cursed +0 buckler of protection (worn)
 s - a +2 chain mail of fire resistance (worn)
 t - a +1 pair of boots (worn)
 B - the cursed +3 pair of gloves of Ennui (worn) {rElec Str+5 Int+4}
   (You found it on level 4 of the Dungeon)

   It affects your strength (+5).
   It affects your intelligence (+4).
   It insulates you from electricity.
   It has a curse placed upon it.
 K - a +0 cloak (worn)
Jewellery
 e - the ring "Sekutt" (right hand) {*Corrode rElec rPois Slay+2}
   (You bought it in a shop on level 2 of the Orcish Mines)

   [ring of poison resistance]

   It affects your accuracy and damage with ranged weapons and melee attacks
   (+2).
   It insulates you from electricity.
   It protects you from poison.
   It may corrode you when you take damage.
 p - a cursed amulet of inaccuracy
 u - an uncursed ring of protection from fire
 v - a cursed amulet of regeneration (around neck)
 y - a +4 ring of evasion
 D - a ring of resist corrosion (left hand)
Wands
 w - a wand of acid (11/15)
 J - a wand of disintegration (20/24)
 R - a wand of digging (11/24)
Scrolls
 b - 2 scrolls of enchant armour
 j - 3 scrolls of teleportation
 k - 2 scrolls of enchant weapon
 q - 7 scrolls of remove curse
 r - 3 scrolls of magic mapping
 E - a scroll of identify
 F - a scroll of amnesia
 I - 3 scrolls of fog
 U - 3 scrolls of recharging
Potions
 g - 7 potions of curing
 h - a potion of resistance
 i - a potion of lignification
 l - 2 potions of cure mutation
 n - a potion of berserk rage
 x - a potion of cancellation
 z - a potion of haste
 A - a potion of flight
 C - 2 potions of agility
 N - a potion of heal wounds
 Q - 2 potions of might
Comestibles
 d - 5 beef jerkies
 f - 13 bread rations
 o - 4 chunks of flesh
 O - 8 royal jellies


   Skills:
 + Level 17.1 Fighting
 - Level 14.2(17.7) Maces & Flails
 - Level 2.0 Throwing
 + Level 17.2 Armour
 + Level 10.6 Dodging
 - Level 4.1(6.6) Shields


You had 13 spell levels left.
You didn't know any spells.

Dungeon Overview and Level Annotations

Branches:
Dungeon (11/15)            Temple (1/1) D:6            Lair (8/8) D:11
 Shoals (0/4) Lair:3        Snake (2/4) Lair:4        Slime (0/6) Lair:8
    Orc (2/2) D:11            Elf (0/3) Orc:2

Altars:
Ashenzari
Cheibriados
Dithmenos
Elyvilon
Fedhas
Gozag
Kikubaaqudgha
Makhleb
Nemelex Xobeh
Okawaru
Pakellas
Qazlal
Ru
Sif Muna
Trog
Vehumet
Xom
Yredelemnul
Zin
The Shining One
Jiyva

Shops:
D:4 %   Orc:2 !*[=

Annotations:
Lair:8 1 runed door
Snake:2 Vashnia


Innate Abilities, Weirdness & Mutations

You reflexively headbutt those who attack you in melee.
You have a pair of horns on your head.
You have sharp toenails.
Your flesh is heat resistant.
You are somewhat resistant to further mutation.


Message History

The splash of poison hits you! You resist. The naga mage constricts you.
Vashnia mumbles some strange words.
The naga warrior blinks!
The naga sharpshooter blinks! x2
The naga mage blinks!
The naga mage loses its grip on you.
The naga sharpshooter gestures wildly while chanting.
The naga sharpshooter magically shoots a bolt.
The bolt hits you.
* * * LOW HITPOINT WARNING * * *
You feel sick.
The naga mage gestures wildly while chanting.
The naga mage seems to speed up.
The naga sharpshooter spits poison at you.
The splash of poison hits you!
You are more poisoned.
You resist.
* * * LOW HITPOINT WARNING * * *
Vashnia shoots an arrow.
The arrow hits you!!
* * * LOW HITPOINT WARNING * * *
The arrow freezes you!
You die...

, , **
,,##.N.N,
, , ,
##NNN#
,,* , * *
, #N.N#*
* , * , ,
,*
,##NNN# *
, *,+ *
,,,**,,
*#.NN##
** ,*,,
,, **
,,*#(.(#*
** + **
,, ,
,##.§##
,, , , *,
, , , , ,
#§(§# * *
* ,,,
,#.@.#,*
* * , * ,
, ,,
#)..#
*,,, , ,*
, ,
,##### ,
**** * ,
,, , , ,*
, , * , ,
,, , , *
* , , ***
, * , ∆ *
, ,,, , ,
,*,* ***
* * , *
,,, , ,,
,,, * ,
,,, , , *
** ,


You could see Vashnia, a naga warrior, 5 naga sharpshooters, 2 naga magi and a
naga.

Vanquished Creatures
  Gastronok (Lair:2)
  Aizul (Lair:4)
  Nessos (Lair:7)
  An ettin (Orc:1)
  A fire dragon (Lair:8)
  3 hydras
  Fannar (Lair:2)
  5 anacondas
  A death yak (Lair:8)
  3 orc high priests (Orc:2)
  A shock serpent (Snake:1)
  3 sea snakes (Snake:1)
  Pikel (D:5)
  A lindwurm (Lair:8)
  4 orc knights (Orc:2)
  2 mana vipers (Snake:1)
  4 orc sorcerers (Orc:2)
  A manticore (Volcano)
  10 elephants
  9 black mambas
  3 naga magi (Snake:1)
  A torpor snail (Lair:8)
  2 sirens (Lair:3)
  Psyche (D:10)
  8 spiny frogs
  A molten gargoyle (Volcano)
  A gargoyle (Volcano)
  11 komodo dragons
  4 rime drakes (Lair:8)
  2 merfolk (Lair:3)
  2 trolls
  Grinder (D:4)
  A giant leech (Lair:8)
  15 blink frogs
  A two-headed ogre (D:9)
  3 boulder beetles (Lair:8)
  2 wyverns
  38 yaks
  A shadow (D:11)
  5 fire bats (Volcano)
  7 basilisks
  15 hippogriffs
  2 steam dragons (Lair:8)
  5 wargs
  6 nagas
  A mottled dragon (Volcano)
  Edmund (D:5)
  Duvessa (D:5)
  8 water moccasins
  3 hell hounds
  13 porcupines
  3 swamp drakes (Lair:8)
  3 ice beasts
  4 black bears
  14 orc warriors
  12 ogres
  2 phantoms (D:7)
  2 centaurs (D:7)
  16 wolves
  21 crocodiles
  2 big kobolds
  8 giant frogs
  Dowan (D:5)
  2 scorpions
  A wyvern skeleton (D:9)
  A water moccasin skeleton (D:8)
  4 killer bees (D:11)
  6 wights
  4 howler monkeys
  6 electric eels (Snake:1)
  2 crimson imps
  2 centaur zombies (D:10)
  4 lava snakes (Volcano)
  15 orc priests
  A giant frog skeleton (D:6)
  4 hounds
  5 jellies
  12 iguanas
  16 orc wizards
  8 worker ants
  A killer bee zombie (D:7)
  20 sheep
  2 hound zombies
  A hound skeleton (D:11)
  A worker ant zombie (D:5)
  A howler monkey zombie (D:7)
  A howler monkey skeleton (D:9)
  38 river rats
  10 adders
  A gnoll (D:1)
  3 shadow imps
  5 oozes (D:8)
  2 adder skeletons
  An adder zombie (D:6)
  4 worms
  3 dart slugs
  6 giant geckos
  67 orcs
  A ball python (D:1)
  7 bats
  7 giant cockroaches
  4 goblins
  6 hobgoblins
  5 jackals
  18 kobolds
  A quokka (D:4)
  A giant cockroach zombie (D:5)
  A giant gecko skeleton (D:4)
  4 giant newts
  A jackal zombie (D:6)
  6 rats
  A butterfly (D:6)
630 creatures vanquished.

Vanquished Creatures (others)
  A spiny frog (Lair:8)
  A sheep (Lair:8)
  A quokka (D:5)
  2 bushes (D:11)
  10 fungi
  13 plants
28 creatures vanquished.

Grand Total: 658 creatures vanquished

Notes
Turn   | Place    | Note
--------------------------------------------------------------
     0 | D:1      | Kloppie the Minotaur Gladiator began the quest for the Orb.
     0 | D:1      | Reached XP level 1. HP: 18/18 MP: 0/0
    97 | D:1      | Reached skill level 1 in Armour
   227 | D:1      | Reached XP level 2. HP: 25/25 MP: 1/1
   577 | D:1      | Reached XP level 3. HP: 31/31 MP: 2/2
  1580 | D:3      | Reached XP level 4. HP: 38/38 MP: 3/3
  1699 | D:3      | Reached XP level 5. HP: 35/46 MP: 4/4
  1797 | D:3      | Reached skill level 5 in Maces & Flails
  2450 | D:4      | Reached XP level 6. HP: 49/53 MP: 5/5
  2497 | D:4      | Found Moesche's Food Shop.
  2540 | D:4      | Noticed Grinder
  2556 | D:4      | Killed Grinder
  2556 | D:4      | Reached skill level 5 in Fighting
  2556 | D:4      | Reached skill level 5 in Armour
  2650 | D:4      | Reached XP level 7. HP: 53/61 MP: 6/6
  2898 | D:4      | Got a pair of ichor-stained gloves
  2912 | D:4      | Identified the +3 pair of gloves of Ennui {rElec Str+5 Int+4} (You found it on level 4 of the Dungeon)
  3245 | D:5      | Entered Level 5 of the Dungeon
  3257 | D:5      | Noticed Edmund
  3270 | D:5      | Killed Edmund
  3488 | D:5      | Noticed Pikel
  3504 | D:5      | Killed Pikel
  3504 | D:5      | Reached XP level 8. HP: 71/73 MP: 7/7
  3618 | D:5      | Noticed Duvessa
  3629 | D:5      | Killed Duvessa
  3635 | D:5      | Noticed Dowan
  3640 | D:5      | Killed Dowan
  3993 | D:6      | Found a staircase to the Ecumenical Temple.
  4249 | D:6      | Reached XP level 9. HP: 75/82 MP: 8/8
  5193 | D:7      | Reached skill level 10 in Maces & Flails
  5195 | D:7      | Found a shadowy altar of Dithmenos.
  5197 | D:7      | Found a deep blue altar of Sif Muna.
  5197 | D:7      | Found an ancient bone altar of Kikubaaqudgha.
  5198 | D:7      | Found a basalt altar of Yredelemnul.
  5198 | D:7      | Found a glowing silver altar of Zin.
  5198 | D:7      | Found a shattered altar of Ashenzari.
  5282 | D:7      | Reached skill level 10 in Fighting
  5495 | Temple   | Entered the Ecumenical Temple
  5809 | D:7      | Became a worshipper of Ashenzari the Shackled
  6054 | D:8      | Gained mutation: You have sharp toenails. [potion of mutation]
  6054 | D:8      | Gained mutation: Your flesh is heat resistant. [potion of mutation]
  6054 | D:8      | Gained mutation: You are somewhat resistant to further mutation. [potion of mutation]
  6287 | D:8      | Reached skill level 10 in Armour
  6474 | D:9      | Reached XP level 10. HP: 84/93 MP: 9/9
  7155 | D:10     | Entered Level 10 of the Dungeon
  7178 | D:10     | Noticed Psyche
  7191 | D:10     | Killed Psyche
  7290 | D:10     | Found an oddly glowing altar of Pakellas.
  7405 | D:10     | Identified a scroll of acquirement
  7688 | D:10     | Found a sparkling altar of Nemelex Xobeh.
  7910 | D:11     | Reached skill level 1 in Shields
  7946 | D:11     | Found a staircase to the Orcish Mines.
  7981 | D:11     | Reached XP level 11. HP: 71/103 MP: 10/10
  8232 | D:11     | Found a staircase to the Lair.
  8683 | D:11     | Reached * piety under Ashenzari
  8774 | Lair:1   | Entered Level 1 of the Lair of Beasts
  9294 | Lair:2   | Noticed a four-headed hydra
  9304 | Lair:2   | Killed a four-headed hydra
  9414 | Lair:2   | Noticed a seven-headed hydra
  9422 | Lair:2   | Killed a seven-headed hydra
  9458 | Lair:2   | Noticed Fannar
  9461 | Lair:2   | Noticed Gastronok
  9473 | Lair:2   | Killed Fannar
  9488 | Lair:2   | Killed Gastronok
  9488 | Lair:2   | Reached XP level 12. HP: 89/115 MP: 11/11
  9504 | Lair:2   | Found a white marble altar of Elyvilon.
 10009 | Lair:3   | Found a staircase to the Shoals.
 10154 | Lair:3   | Reached ** piety under Ashenzari
 10383 | Lair:3   | Found a shimmering altar of Xom.
 11518 | Lair:4   | Found a staircase to the Snake Pit.
 11577 | Lair:4   | Identified the cursed +6 morningstar of Zinodeutt {drain, MR+ SInv} (You acquired it on level 4 of the Lair of Beasts)
 11891 | Lair:5   | Reached *** piety under Ashenzari
 12524 | Lair:6   | Reached XP level 13. HP: 125/125 MP: 12/12
 12685 | Lair:6   | Reached skill level 5 in Dodging
 12709 | Lair:6   | Reached **** piety under Ashenzari
 13104 | Lair:7   | Noticed Nessos
 13109 | Lair:7   | Killed Nessos
 13148 | Lair:7   | Found a dark tunnel.
 13165 | Volcano  | Entered a volcano
 13221 | Volcano  | Reached skill level 15 in Armour
 13323 | Volcano  | Found a radiant altar of Vehumet.
 13393 | Volcano  | Reached skill level 15 in Fighting
 14291 | Orc:1    | Entered Level 1 of the Orcish Mines
 14339 | Orc:1    | Noticed an ettin
 14348 | Orc:1    | Killed an ettin
 14463 | Orc:2    | Entered Level 2 of the Orcish Mines
 14517 | Orc:2    | Reached ***** piety under Ashenzari
 14604 | Orc:2    | Found a staircase to the Elven Halls.
 14736 | Orc:2    | Found Leps's Jewellery Boutique.
 14860 | Orc:1    | Noticed an ettin
 15271 | Orc:2    | Found Ciamiy Yquat's Assorted Antiques.
 15277 | Orc:2    | Found Quiw's Antique Armour Emporium.
 15279 | Orc:2    | Bought a cursed amulet of inaccuracy for 24 gold pieces
 15283 | Orc:2    | Found Tocasiup's Distillery.
 15289 | Orc:2    | Bought a pair of embroidered boots for 126 gold pieces
 15289 | Orc:2    | Bought a scroll of remove curse for 84 gold pieces
 15291 | Orc:2    | Bought a potion of cancellation for 120 gold pieces
 15589 | Lair:8   | Entered Level 8 of the Lair of Beasts
 15858 | Lair:8   | Reached XP level 14. HP: 137/137 MP: 13/13
 16101 | Lair:8   | Found a runed door.
 16102 | Lair:8   | Found a viscous altar of Jiyva.
 16104 | Lair:8   | Found a staircase to the Slime Pits.
 17454 | Orc:2    | Bought the ring "Sekutt" {*Corrode rElec rPois Slay+2} for 441 gold pieces
 17660 | Snake:1  | Entered Level 1 of the Snake Pit
 17660 | Snake:1  | Noticed Aizul
 17673 | Lair:4   | Killed Aizul
 17774 | Snake:1  | Reached skill level 10 in Dodging
 17814 | Snake:1  | Found a bloodstained altar of Trog.
 18204 | Snake:2  | Noticed Vashnia
 18329 | Snake:2  | HP: 5/140 [Vashnia/arrow (25)]
 18329 | Snake:2  | Shot with an arrow by Vashnia

Skill      XL: |  1  2  3  4  5  6  7  8  9 10 11 12 13 14 |
---------------+-------------------------------------------+-----
Armour         | 1 2 3 4 5 7 8 10 11 13 14 16 17 | 17.2
Fighting       | 3 4 5 7 8 10 11 13 14 16 17 | 17.1
Maces & Flails | 4 5 6 7 8 10 11 13 14 | 14.2
Shields        | 2 4 |  4.1
Dodging        | 4 8 10 | 10.6
Throwing       | |  2.0

Action                   |  1- 3 |  4- 6 |  7- 9 | 10-12 | 13-15 || total
-------------------------+-------+-------+-------+-------+-------++-------
Melee: Flail             |    78 |    90 |   288 |   639 |       ||  1095
       Headbutt          |    15 |    12 |    76 |   181 |   190 ||   474
       Unarmed           |       |    11 |       |       |       ||    11
       Kick              |       |       |    13 |   282 |   121 ||   416
       Morningstar       |       |       |       |    79 |   718 ||   797
Throw: Throwing net      |       |     3 |       |     7 |       ||    10
Invok: Curse Item        |       |       |       |     3 |       ||     3
  Use: Scroll            |       |       |    20 |    13 |     3 ||    36
       Potion            |       |       |     2 |     4 |     5 ||    11
 Stab: Held in net/web   |       |     1 |       |     1 |       ||     2
       Invisible         |       |       |       |       |     1 ||     1
       Confused          |       |       |       |       |     1 ||     1
  Eat: Chunk             |     2 |     4 |    10 |    17 |    14 ||    47
       Meat ration       |       |       |       |     1 |       ||     1
       Royal jelly       |       |       |       |       |     3 ||     3
Armor: Leather armour    |     2 |       |       |       |       ||     2
       Chain mail        |    35 |    60 |   179 |    41 |   233 ||   548
       Plate armour      |       |       |       |   287 |    50 ||   337
Dodge: Dodged            |    41 |    52 |   162 |   256 |   338 ||   849
Block: Buckler           |       |       |       |   101 |   153 ||   254
